% Time on Ice - SAN FRANCISCO SPIDERS
Lines # - Real PCT - Wanted PCT - Time Play
Normal Forward
1 - 33% - 38% - 17:19
2 - 32% - 37% - 16:45
3 - 23% - 20% - 11:43
4 - 12% - 5% - 6:17
Normal Defense
1 - 35% - 38% - 18:21
2 - 34% - 37% - 17:53
3 - 26% - 15% - 13:27
4 - 5% - 10% - 2:23
PP Forward
1 - 48% - 55% - 2:53
2 - 52% - 45% - 3:04
PP Defense
1 - 48% - 55% - 2:53
2 - 52% - 45% - 3:04
PK Forward
1 - 76% - 55% - 1:31
2 - 24% - 45% - 0:28
PK Defense
1 - 0% - 55% - 0:00
2 - 100% - 45% - 1:59
PK3 Forward
1 - 0% - 55%
2 - 0% - 45%
PK3 Defense
1 - 0% - 55%
2 - 0% - 45%
44 Forward
1 - 0% - 55%
2 - 0% - 45%
44 Defense
1 - 0% - 55%
2 - 0% - 45%
Last Minute Offensive  - 0:00
Last Minute Defensive  - 0:00
Total
Forward - 60:00
Defense - 60:00
% Time on Ice - COLORADO GLACIERCATS
Lines # - Real PCT - Wanted PCT - Time Play
Normal Forward
1 - 31% - 35% - 16:20
2 - 35% - 35% - 18:01
3 - 27% - 26% - 14:06
4 - 7% - 4% - 3:37
Normal Defense
1 - 40% - 40% - 20:41
2 - 35% - 36% - 18:23
3 - 25% - 20% - 12:47
4 - 0% - 4% - 0:13
PP Forward
1 - 73% - 50% - 1:27
2 - 27% - 50% - 0:32
PP Defense
1 - 27% - 55% - 0:32
2 - 73% - 45% - 1:27
PK Forward
1 - 45% - 50% - 2:41
2 - 55% - 50% - 3:16
PK Defense
1 - 49% - 50% - 2:54
2 - 51% - 50% - 3:03
PK3 Forward
1 - 0% - 50%
2 - 0% - 50%
PK3 Defense
1 - 0% - 50%
2 - 0% - 50%
44 Forward
1 - 0% - 50%
2 - 0% - 50%
44 Defense
1 - 0% - 45%
2 - 0% - 55%
Last Minute Offensive  - 0:00
Last Minute Defensive  - 0:00
Total
Forward - 60:00
Defense - 60:00
Play-by-Play 1st period 0:01 of 1st period - Anze Kopitar wins face-off versus Sebastian Aho in neutral zone. 0:34 of 1st period - Shot by Zach Hyman. 0:34 of 1st period - Stopped by Andrei Vasilevskiy without a rebound. 0:35 of 1st period - Bo Horvat wins face-off versus Leon Draisaitl in COLORADO GLACIERCATS zone. 0:36 of 1st period - Shot by Jared McCann. 0:36 of 1st period - Stopped by Andrei Vasilevskiy without a rebound. 0:37 of 1st period - Bo Horvat wins face-off versus Leon Draisaitl in COLORADO GLACIERCATS zone. 0:38 of 1st period - Shot by Viktor Arvidsson. 0:38 of 1st period - Shot Misses the Net. 0:52 of 1st period - Shot by Tomas Hertl. 0:52 of 1st period - Shot Misses the Net. 1:10 of 1st period - Shot by Tomas Hertl. 1:10 of 1st period - Shot Misses the Net. 1:24 of 1st period - Shot by Trevor Moore. 1:24 of 1st period - Shot Misses the Net. 1:26 of 1st period - Shot by Trevor Moore. 1:26 of 1st period - Stopped by Igor Shesterkin without a rebound. 1:27 of 1st period - Alexander Wennberg wins face-off versus Kirby Dach in SAN FRANCISCO SPIDERS zone. 2:13 of 1st period - Minor Penalty to Dylan Samberg for Slashing. 2:14 of 1st period - Anze Kopitar wins face-off versus Sebastian Aho in COLORADO GLACIERCATS zone. 2:39 of 1st period - Shot by Jared McCann. 2:39 of 1st period - Shot Misses the Net. 2:41 of 1st period - Shot by Brenden Dillon. 2:41 of 1st period - Shot Misses the Net. 2:43 of 1st period - Shot by Brenden Dillon. 2:43 of 1st period - Shot Misses the Net. 2:45 of 1st period - Shot by Sebastian Aho. 2:45 of 1st period - Shot Blocked by Vladislav Gavrikov. 2:47 of 1st period - Shot by Darnell Nurse. 2:47 of 1st period - Deflect By Sebastian Aho. 2:47 of 1st period - Stopped by Andrei Vasilevskiy without a rebound. 2:48 of 1st period - Alexander Wennberg wins face-off versus Viktor Arvidsson in COLORADO GLACIERCATS zone. 2:54 of 1st period - Icing by Bo Horvat. 2:55 of 1st period - Bo Horvat wins face-off versus Alexander Wennberg in SAN FRANCISCO SPIDERS zone. 3:30 of 1st period - Shot by Bo Horvat. 3:30 of 1st period - Stopped by Andrei Vasilevskiy with a rebound. 3:32 of 1st period - Shot by Brock Faber. 3:32 of 1st period - Shot Misses the Net. 3:34 of 1st period - Shot by Michael Anderson. 3:34 of 1st period - Stopped by Andrei Vasilevskiy without a rebound. 3:35 of 1st period - Anze Kopitar wins face-off versus Sebastian Aho in COLORADO GLACIERCATS zone. 4:12 of 1st period - Shot by Sebastian Aho. 4:12 of 1st period - Shot Blocked by Mario Ferraro. 4:44 of 1st period - Tage Thompson is hit by Dakota Joshua and loses puck. 4:54 of 1st period - Sam Lafferty is hit by Vince Dunn and loses puck. 5:28 of 1st period - Bryan Rust is hit by Michael Anderson and loses puck. 5:33 of 1st period - Shot by Cole Perfetti. 5:33 of 1st period - Shot Misses the Net. 5:35 of 1st period - Shot by Bryan Rust. 5:35 of 1st period - Shot Blocked by Michael Anderson. 5:37 of 1st period - Shot by Alexander Wennberg. 5:37 of 1st period - Stopped by Igor Shesterkin without a rebound. 5:38 of 1st period - Sebastian Aho wins face-off versus Trevor Moore in SAN FRANCISCO SPIDERS zone. 7:17 of 1st period - Shot by Viktor Arvidsson. 7:17 of 1st period - Shot Misses the Net. 7:19 of 1st period - Shot by Bo Horvat. 7:19 of 1st period - Shot Misses the Net. 7:37 of 1st period - Shot by Jared McCann. 7:37 of 1st period - Stopped by Andrei Vasilevskiy without a rebound. 7:38 of 1st period - Jamie Benn wins face-off versus Kirby Dach in COLORADO GLACIERCATS zone. 8:11 of 1st period - Shot by Anze Kopitar. 8:11 of 1st period - Stopped by Igor Shesterkin with a rebound. 8:57 of 1st period - Shot by Tomas Hertl. 8:57 of 1st period - Deflect By Trevor Moore. 8:57 of 1st period - Stopped by Igor Shesterkin with a rebound. 11:07 of 1st period - Minor Penalty to Nino Niederreiter for Hooking. 11:08 of 1st period - Bo Horvat wins face-off versus Anze Kopitar in COLORADO GLACIERCATS zone. 11:27 of 1st period - Shot by Tomas Hertl. 11:27 of 1st period - Stopped by Igor Shesterkin with a rebound. 12:49 of 1st period - Bryan Rust is hit by Jared McCann and loses puck. 13:53 of 1st period - Off-side. 13:54 of 1st period - Leon Draisaitl wins face-off versus Dakota Joshua in neutral zone. 14:00 of 1st period - Leon Draisaitl is hit by Darnell Nurse and loses puck. 14:27 of 1st period - Shot by Eeli Tolvanen. 14:27 of 1st period - Stopped by Andrei Vasilevskiy with a rebound. 14:29 of 1st period - Shot by Darnell Nurse. 14:29 of 1st period - Stopped by Andrei Vasilevskiy without a rebound. 14:30 of 1st period - Anze Kopitar wins face-off versus Bo Horvat in COLORADO GLACIERCATS zone. 14:46 of 1st period - Minor Penalty to Anze Kopitar for Holding. 14:47 of 1st period - Alexander Wennberg wins face-off versus Sebastian Aho in COLORADO GLACIERCATS zone. 15:02 of 1st period - Shot by Andrei Svechnikov. 15:02 of 1st period - Shot Misses the Net. 15:58 of 1st period - Shot by Viktor Arvidsson. 15:58 of 1st period - Shot Misses the Net. 16:00 of 1st period - Shot by Bo Horvat. 16:00 of 1st period - Shot Misses the Net. 16:02 of 1st period - Shot by Bo Horvat. 16:02 of 1st period - Shot Misses the Net. 16:04 of 1st period - Shot by Michael Anderson. 16:04 of 1st period - Shot Misses the Net. 16:06 of 1st period - Shot by Bo Horvat. 16:06 of 1st period - Stopped by Andrei Vasilevskiy without a rebound. 16:07 of 1st period - Bo Horvat wins face-off versus Jamie Benn in COLORADO GLACIERCATS zone. 16:16 of 1st period - Shot by Bo Horvat. 16:16 of 1st period - Shot Blocked by Devon Toews. 16:30 of 1st period - Tomas Hertl is hit by Viktor Arvidsson and loses puck. 16:58 of 1st period - Off-side. 16:59 of 1st period - Leon Draisaitl wins face-off versus Dakota Joshua in neutral zone. 17:02 of 1st period - Shot by Trevor Moore. 17:02 of 1st period - Shot Blocked by Brenden Dillon. 17:07 of 1st period - Eeli Tolvanen is hit by Tomas Hertl and loses puck. 18:08 of 1st period - Shot by Jamie Benn. 18:08 of 1st period - Shot Blocked by Erik Gudbranson. 18:10 of 1st period - Shot by Anze Kopitar. 18:10 of 1st period - Stopped by Igor Shesterkin without a rebound. 18:11 of 1st period - Bo Horvat wins face-off versus Bryan Rust in SAN FRANCISCO SPIDERS zone. 18:54 of 1st period - Shot by Bo Horvat. 18:54 of 1st period - Stopped by Andrei Vasilevskiy without a rebound. 18:55 of 1st period - Anze Kopitar wins face-off versus Sebastian Aho in COLORADO GLACIERCATS zone. 19:34 of 1st period - Shot by Sebastian Aho. 19:34 of 1st period - Goal by Sebastian Aho - SAN FRANCISCO SPIDERS : 1 - COLORADO GLACIERCATS : 0. 19:35 of 1st period - Leon Draisaitl wins face-off versus Kirby Dach in neutral zone. Goals for this period are 1 for SAN FRANCISCO SPIDERS vs 0 for COLORADO GLACIERCATS. Shots for this period are 11 for SAN FRANCISCO SPIDERS vs 6 for COLORADO GLACIERCATS. 2nd period 0:01 of 2nd period - Sebastian Aho wins face-off versus Anze Kopitar in neutral zone. 0:05 of 2nd period - Sebastian Aho is hit by Kristopher Letang. 0:29 of 2nd period - Brenden Dillon is hit by Anze Kopitar and loses puck. 1:02 of 2nd period - Icing by Zach Hyman. 1:03 of 2nd period - Sebastian Aho wins face-off versus Leon Draisaitl in SAN FRANCISCO SPIDERS zone. 1:03 of 2nd period - Sebastian Aho is hit by Tomas Hertl. 1:12 of 2nd period - Zach Hyman is hit by Tomas Hertl and loses puck. 1:46 of 2nd period - Shot by Bo Horvat. 1:46 of 2nd period - Stopped by Andrei Vasilevskiy without a rebound. 1:47 of 2nd period - Alexander Wennberg wins face-off versus Kirby Dach in COLORADO GLACIERCATS zone. 2:02 of 2nd period - Shot by Cole Perfetti. 2:02 of 2nd period - Stopped by Igor Shesterkin without a rebound. 2:03 of 2nd period - Anze Kopitar wins face-off versus Bo Horvat in SAN FRANCISCO SPIDERS zone. 2:08 of 2nd period - Shot by Anze Kopitar. 2:08 of 2nd period - Stopped by Igor Shesterkin without a rebound. 2:09 of 2nd period - Tomas Hertl wins face-off versus Bo Horvat in SAN FRANCISCO SPIDERS zone. 3:20 of 2nd period - Jamie Benn is hit by Michael Anderson and loses puck. 4:37 of 2nd period - Shot by Zach Hyman. 4:37 of 2nd period - Shot Misses the Net. 5:36 of 2nd period - Trevor Moore is hit by Darnell Nurse and loses puck. 7:05 of 2nd period - Icing by Tage Thompson. 7:06 of 2nd period - Anze Kopitar wins face-off versus Dakota Joshua in COLORADO GLACIERCATS zone. 7:19 of 2nd period - Shot by Eeli Tolvanen. 7:19 of 2nd period - Shot Hit the Post. 7:21 of 2nd period - Shot by Erik Gudbranson. 7:21 of 2nd period - Stopped by Andrei Vasilevskiy without a rebound. 7:22 of 2nd period - Trevor Moore wins face-off versus Kirby Dach in COLORADO GLACIERCATS zone. 7:24 of 2nd period - Icing by Leon Draisaitl. 7:25 of 2nd period - Kyle Palmieri wins face-off versus Leon Draisaitl in COLORADO GLACIERCATS zone. 8:59 of 2nd period - Bryan Rust is hit by Brenden Dillon. 9:56 of 2nd period - Off-side. 9:57 of 2nd period - Anze Kopitar wins face-off versus Dakota Joshua in neutral zone. 10:10 of 2nd period - Shot by Dakota Joshua. 10:10 of 2nd period - Shot Misses the Net. 10:24 of 2nd period - Shot by Jamie Benn. 10:24 of 2nd period - Stopped by Igor Shesterkin without a rebound. 10:25 of 2nd period - Sebastian Aho wins face-off versus Leon Draisaitl in SAN FRANCISCO SPIDERS zone. 10:30 of 2nd period - Shot by Sebastian Aho. 10:30 of 2nd period - Stopped by Andrei Vasilevskiy without a rebound. 10:31 of 2nd period - Leon Draisaitl wins face-off versus Sebastian Aho in COLORADO GLACIERCATS zone. 10:33 of 2nd period - Icing by Trevor Moore. 10:34 of 2nd period - Sebastian Aho wins face-off versus Leon Draisaitl in COLORADO GLACIERCATS zone. 10:35 of 2nd period - Shot by Andrei Svechnikov. 10:35 of 2nd period - Stopped by Andrei Vasilevskiy without a rebound. 10:36 of 2nd period - Sebastian Aho wins face-off versus Anze Kopitar in COLORADO GLACIERCATS zone. 10:36 of 2nd period - Andrei Svechnikov is hit by Devon Toews and loses puck. 11:02 of 2nd period - Zach Hyman is hit by Kristopher Letang and loses puck. 11:18 of 2nd period - Shot by Sebastian Aho. 11:18 of 2nd period - Stopped by Andrei Vasilevskiy without a rebound. 11:19 of 2nd period - Bo Horvat wins face-off versus Trevor Moore in COLORADO GLACIERCATS zone. 11:26 of 2nd period - Shot by Viktor Arvidsson. 11:26 of 2nd period - Shot Misses the Net. 11:48 of 2nd period - Shot by Trevor Moore. 11:48 of 2nd period - Stopped by Igor Shesterkin without a rebound. 11:49 of 2nd period - Jack Roslovic wins face-off versus Alexander Wennberg in SAN FRANCISCO SPIDERS zone. 11:49 of 2nd period - Jack Roslovic is hit by Alexander Wennberg. 12:02 of 2nd period - Shot by Bryan Rust. 12:02 of 2nd period - Stopped by Igor Shesterkin without a rebound. 12:03 of 2nd period - Sebastian Aho wins face-off versus Anze Kopitar in SAN FRANCISCO SPIDERS zone. 12:16 of 2nd period - Shot by Andrei Svechnikov. 12:16 of 2nd period - Stopped by Andrei Vasilevskiy without a rebound. 12:17 of 2nd period - Leon Draisaitl wins face-off versus Bo Horvat in COLORADO GLACIERCATS zone. 12:25 of 2nd period - Icing by Michael Anderson. 12:26 of 2nd period - Anze Kopitar wins face-off versus Bo Horvat in SAN FRANCISCO SPIDERS zone. 12:27 of 2nd period - Shot by Tage Thompson. 12:27 of 2nd period - Stopped by Igor Shesterkin with a rebound. 12:57 of 2nd period - Shot by Jared McCann. 12:57 of 2nd period - Stopped by Andrei Vasilevskiy without a rebound. 12:58 of 2nd period - Tomas Hertl w